 Dungeon Crawl Stone Soup version 0.19-a0-734-ge18daf0 (webtiles) character file.

637 AlphabetPasta the Firebug (level 7, -1/55 HPs)
             Began as a Naga Fire Elementalist on June 22, 2016.
             Was an Initiate of Vehumet.
             Hit by a tomahawk of returning thrown by an orc warrior (9 damage)
             ... on level 5 of the Dungeon.
             The game lasted 00:27:44 (4543 turns).

AlphabetPasta the Firebug (Naga Fire Elementalist)  Turns: 4543, Time: 00:27:45

Health: -1/55      AC:  9    Str: 11    XL:     7   Next: 50%
Magic:  0/12       EV: 11    Int: 17    God:    Vehumet [......]
Gold:   269        SH:  0    Dex: 11    Spells: 4 memorised, 3 levels left

rFire  . . .     SeeInvis +     r - +1 mace (protect)
rCold  . . .     Gourm    .     a - +0 robe
rNeg   . . .     Faith    .     (no shield)
rPois  +         Spirit   .     (no helmet)
rElec  .         Dismiss  .     n - +0 cloak
rCorr  .         Reflect  .     (no gloves)
SustAt .         Harm     .     (no barding)
MR     .....                    (no amulet)
Stlth  ++........               (no ring)
                                (no ring)

@: very slightly contaminated, very slow, not resistant to hostile enchantments,
unstealthy
A: see invisible, deformed body, poison resistance, slowness 2, slow metabolism
1, spit poison 2, AC +2
a: Spit Poison, Renounce Religion


You were on level 5 of the Dungeon.
You worshipped Vehumet.
Vehumet was noncommittal.
You were not hungry.

You visited 2 branches of the dungeon, and saw 6 of its levels.

You collected 269 gold pieces.

Inventory:

Hand Weapons
 r - a +1 mace of protection (weapon)
Armour
 a - a +0 robe (worn)
 n - a +0 cloak (worn)
Jewellery
 h - an uncursed ring of protection from fire {unknown}
 m - a cursed ring of teleportation {unknown}
 o - an uncursed ring of protection from cold {unknown}
Wands
 l - a wand of teleportation (3/9)
Scrolls
 f - 2 scrolls of identify
 i - a scroll of enchant weapon
 j - a scroll of remove curse
 p - a scroll of teleportation {unknown}
 q - a scroll of recharging
Books
 b - a book of Flames

   Spells                             Type                      Level
   a - Flame Tongue                   Conjuration/Fire             1
   b - Throw Flame                    Conjuration/Fire             2
   c - Conjure Flame                  Conjuration/Fire             3
   d - Inner Flame                    Hexes/Fire                   3
   e - Sticky Flame                   Conjuration/Fire             4
   f - Fireball                       Conjuration/Fire             5
 e - a book of Minor Magic

   Spells                             Type                      Level
   a - Magic Dart                     Conjuration                  1
   b - Blink                          Translocation                2
   c - Call Imp                       Summoning                    2
   d - Repel Missiles                 Charms/Air                   2
   e - Slow                           Hexes                        2
   f - Conjure Flame                  Conjuration/Fire             3
   g - Mephitic Cloud                 Conjuration/Poison/Air       3
 g - a book of Air

   Spells                             Type                      Level
   a - Shock                          Conjuration/Air              1
   b - Swiftness                      Charms/Air                   2
   c - Repel Missiles                 Charms/Air                   2
   d - Static Discharge               Conjuration/Air              3
   e - Lightning Bolt                 Conjuration/Air              5
Comestibles
 c - 3 bread rations
 d - 6 fruits
 s - a meat ration
 v - 2 slices of pizza


   Skills:
 + Level 3.3 Dodging
 - Level 3.0 Stealth
 + Level 3.5 Spellcasting
 + Level 3.6 Conjurations
 * Level 5.8 Fire Magic


You had 3 spell levels left.
You knew the following spells:

 Your Spells              Type           Power        Failure   Level  Hunger
a - Flame Tongue          Conj/Fire      ###..        2%          1    None
b - Throw Flame           Conj/Fire      ###...       3%          2    ##.....
c - Conjure Flame         Conj/Fire      ###.....     10%         3    ###....
d - Sticky Flame          Conj/Fire      ###.....     24%         4    ####...


Dungeon Overview and Level Annotations

Branches:
Dungeon (5/15)             Temple (1/1) D:4

Altars:
Ashenzari
Dithmenos
Fedhas
Gozag
Hepliaklqana
Kikubaaqudgha
Makhleb
Nemelex Xobeh
Okawaru
Pakellas
Qazlal
Ru
Sif Muna
Trog
Uskayaw
Vehumet
Xom
Yredelemnul

Shops:
D:5 (([=


Innate Abilities, Weirdness & Mutations

You cannot wear boots.
Your serpentine skin is tough. (AC +2)
You have supernaturally acute eyesight. (SInv)
Armour fits poorly on your strangely shaped body.
Your system is resistant to poisons. (rPois)
You cover ground very slowly.
You have a slow metabolism.
You can spit poison.


Message History

Press: ? - help, Shift-Dir - straight line, f/p - orc warrior
Aim: an orc warrior, wielding a battleaxe and wearing a plate armour (moderately wounded)
The puff of flame hits the orc warrior.
The orc warrior appears unharmed.
The orc warrior is moderately wounded.
The orc warrior throws a tomahawk of returning.
The tomahawk of returning barely misses you.
The weapon returns to the orc warrior!
Casting: Throw Flame
Confirm with . or Enter, or press ? or * to list all spells.
Aiming: Throw Flame
Press: ? - help, Shift-Dir - straight line, f/p - orc warrior
Aim: an orc warrior, wielding a battleaxe and wearing a plate armour (moderately wounded)
The puff of flame hits the orc warrior.
The orc warrior appears unharmed.
The orc warrior is moderately wounded.
You aren't carrying any potions.
As you read the scroll labeled ULAWAO CEFRYF, it crumbles to dust.
You feel blessed for a moment.
It was a scroll of remove curse.
The orc warrior throws a tomahawk of returning.
The tomahawk of returning hits you!
You die...

..≈≈∩≈≈o.......# #...####.....[..
..≈≈≈≈≈...>....# ##..##..........
...≈≈≈.....(...# ##.............
#.......o...<..# #.............
##.............# ##.............
##........)..# ##........[.....
###.........# ##..##...........
#####.........###..###...........
............####@.## #...........
.........o..o.o..## #...........
................## #...........
.........###..### ##......)...
.>....#### #### ##.........
.....## ##)....... ....##
#[....... ....# ########
##)....... ....# ###......#
##.........


You could see an orc warrior, an orc wizard (wandering) and an orc (wandering).

Vanquished Creatures
  The ghost of silvernem the Ducker, an amateur MiEE (D:4)
  A giant frog (D:3)
  A scorpion (D:5)
  2 hounds (D:4)
  2 orc priests
  A centaur skeleton (D:4)
  Natasha (thrice) (D:3)
  An orc wizard (D:5)
  A worker ant (D:4)
  2 adders (D:3)
  2 oozes
  An adder skeleton (D:5)
  A worm (D:3)
  2 dart slugs
  3 giant geckos
  15 orcs
  3 ball pythons
  4 bats
  4 giant cockroaches
  7 goblins
  7 hobgoblins
  3 jackals (D:1)
  2 quokkas
  9 giant newts
  7 kobolds
  8 rats
93 creatures vanquished.

Notes
Turn   | Place    | Note
--------------------------------------------------------------
     0 | D:1      | AlphabetPasta the Naga Fire Elementalist began the quest for the Orb.
     0 | D:1      | Reached XP level 1. HP: 15/15 MP: 3/3
   198 | D:1      | Reached XP level 2. HP: 22/22 MP: 5/5
   202 | D:1      | Learned a level 2 spell: Throw Flame
   401 | D:1      | Reached XP level 3. HP: 28/28 MP: 6/6
   406 | D:1      | Learned a level 3 spell: Conjure Flame
   833 | D:2      | Found a blossoming altar of Fedhas.
  1479 | D:3      | Noticed Natasha
  1484 | D:3      | Killed Natasha
  1484 | D:3      | Reached XP level 4. HP: 24/36 MP: 3/7
  1719 | D:3      | Reached skill level 4 in Fire Magic
  1719 | D:3      | Reached XP level 5. HP: 42/42 MP: 4/9
  2012 | D:3      | Noticed Natasha
  2018 | D:3      | Killed Natasha
  2302 | D:3      | Reached XP level 6. HP: 49/49 MP: 1/10
  2308 | D:3      | Learned a level 4 spell: Sticky Flame
  2329 | D:3      | Noticed Natasha
  2333 | D:3      | Killed Natasha
  2401 | D:4      | Learned a level 4 spell: Sticky Flame
  2438 | D:4      | Found a shadowy altar of Dithmenos.
  2452 | D:4      | Found a shattered altar of Ashenzari.
  2467 | D:4      | Found a stormy altar of Qazlal.
  2539 | D:4      | Found a hazy altar of Hepliaklqana.
  2667 | D:4      | Reached skill level 5 in Fire Magic
  2908 | D:4      | Noticed silvernem's ghost (amateur MiEE)
  2922 | D:4      | Killed silvernem's ghost
  2922 | D:4      | Reached XP level 7. HP: 48/55 MP: 1/12
  3034 | D:4      | Found a staircase to the Ecumenical Temple.
  3045 | Temple   | Entered the Ecumenical Temple
  3081 | Temple   | Became a worshipper of Vehumet
  3447 | D:5      | Entered Level 5 of the Dungeon
  3676 | D:5      | Found Nuomuirr's Armour Emporium.
  3680 | D:5      | Found Vamior's Jewellery Boutique.
  3977 | D:5      | Found Zid Xaru's Weapon Emporium.
  4000 | D:5      | Found Faluissieg's Weapon Shop.
  4437 | D:5      | HP: 2/55 [orc warrior/tomahawk of returning (8)]
  4543 | D:5      | Hit by a tomahawk of returning thrown by an orc warrior

Vault maps used:
D:1:      minmay_arrival_stair_chambers
D:2:      fedhas_altar_1, first_bread
D:3:      uniq_natasha
D:4:      nicolae_overflow_quartered_altars
D:5:      serial_shops, shop, shop, nicolae_shop_stone, nicolae_shop_waterfront,
          eino_tiny_chamber
Temple:   cyrus_circular_temple

Skill      XL: |  1  2  3  4  5  6 |
---------------+-------------------+-----
Dodging        | 2 3 |  3.3
Conjurations   | 2 3 |  3.6
Fire Magic     | 4 5 |  5.8
Spellcasting   | 3 |  3.5
Stealth        | |  3.0

Action                   |  1- 3 |  4- 6 |  7- 9 || total
-------------------------+-------+-------+-------++-------
Melee: Mace              |       |     2 |     6 ||     8
 Cast: Flame Tongue      |    27 |    58 |    32 ||   117
       Throw Flame       |       |     2 |     6 ||     8
       Conjure Flame     |       |     1 |     1 ||     2
 Abil: Spit Poison       |    35 |    30 |    15 ||    80
Evoke: Wand              |       |       |     1 ||     1
  Use: Scroll            |       |    10 |     1 ||    11
       Potion            |       |       |     2 ||     2
  Eat: Chunk             |     4 |     5 |     2 ||    11
       Fruit             |       |     1 |       ||     1
       Beef jerky        |       |       |     2 ||     2
Armor: Robe              |       |    30 |     8 ||    38
Dodge: Dodged            |     3 |    27 |    25 ||    55
